General information
- name: BNet
- type: Ladder team game (AT/RT)
- host: Battle.net
- saver: sc2no.wc4yes
map: GoldRush
- players: 8
- length: 45:20
- speed: Fast
- version: 1.26 W3XP
- replay type: Public
» download(255 KB)
Players
team 1 (winner)

»
sc2no.wc4yes (
green | 54 APM | 2435 actions | 45:20)
5 Goblin Tinker
3 Pocket Factory
2 Engineering Upgrade
» actions
| Assign group hotkey | 82 | |
| Basic commands | 31 | |
| Build / train | 119 | |
| ESC pressed | 12 | |
| Enter build submenu | 31 | |
| Enter hero's abilities submenu | 5 | |
| Right click | 887 | |
| Select / deselect | 312 | |
| Select group hotkey | 854 | |
| Use ability | 102 | |
2435 total
» units
| Peasant | 57 | |
| Siege Engine | 10 | |
| Flying Machine | 12 | |
79 total
» upgrades
| Gunpowder | 3 | |
| Plating | 3 | |
| Lumber Harvesting | 2 | |
| Masonry | 3 | |
| Barrage | 1 | |
| Flak Cannons | 1 | |
| Flying Machine Bombs | 1 | |
14 total
» buildings
| Altar of Kings | 1 | |
| Farm | 10 | |
| Scout Tower | 6 | |
| Lumber Mill | 1 | |
| Arcane Tower | 3 | |
| Town Hall | 9 | |
| Guard Tower | 2 | |
| Keep | 1 | |
| Blacksmith | 1 | |
| Castle | 1 | |
| Workshop | 7 | |
42 total
» build order
00:07 Altar of Kings
00:09 Farm
00:51 Scout Tower
01:00 Lumber Mill
01:08 Farm
01:46 Arcane Tower
02:31 Farm
02:41 Scout Tower
03:56 Town Hall
04:00 Scout Tower
04:01 Scout Tower
04:02 Scout Tower
04:03 Scout Tower
04:16 Guard Tower
04:46 Keep
05:08 Blacksmith
05:33 Arcane Tower
05:33 Arcane Tower
05:44 Guard Tower
07:09 Castle
07:14 Workshop
07:19 Workshop
07:21 Farm
07:22 Farm
07:54 Farm
07:54 Farm
07:57 Workshop
08:51 Farm
08:52 Farm
09:04 Town Hall
09:51 Town Hall
15:41 Town Hall
18:09 Workshop
18:09 Workshop
18:10 Workshop
18:10 Workshop
19:11 Town Hall
20:28 Town Hall
22:53 Town Hall
25:56 Town Hall
28:10 Town Hall
» items
| Boots of Speed | 1 | |
| Staff of Teleportation | 1 | |
| Lesser Clarity Potion | 6 | |
| Scroll of Speed | 1 | |
| Healing Salve | 2 | |
| Tiny Great Hall | 1 | |
12 total
u-h8whenipickBM (
teal | 69 APM | 2500 actions | 36:14)
6 Blood Mage
1 Siphon Mana
3 Flame Strike
1 Banish
1 Summon Phoenix
» actions
| Assign group hotkey | 56 | |
| Basic commands | 105 | |
| Build / train | 93 | |
| ESC pressed | 2 | |
| Enter build submenu | 32 | |
| Enter hero's abilities submenu | 6 | |
| Give item / drop item | 3 | |
| Remove unit from queue | 4 | |
| Right click | 1019 | |
| Select / deselect | 485 | |
| Select group hotkey | 599 | |
| Use ability | 96 | |
2500 total
» units
| Peasant | 15 | |
| Rifleman | 12 | |
| Spell Breaker | 3 | |
| Dragonhawk Rider | 15 | |
| Siege Engine | 4 | |
| Flying Machine | 2 | |
51 total
» upgrades
| Gunpowder | 1 | |
| Armor | 1 | |
| Long Rifles | 1 | |
| Swords | 1 | |
| Masonry | 1 | |
| Cloud | 1 | |
| Barrage | 1 | |
7 total
» buildings
| Altar of Kings | 2 | |
| Farm | 8 | |
| Blacksmith | 1 | |
| Scout Tower | 10 | |
| Barracks | 1 | |
| Arcane Tower | 2 | |
| Lumber Mill | 1 | |
| Arcane Vault | 1 | |
| Keep | 1 | |
| Guard Tower | 8 | |
| Arcane Sanctum | 1 | |
| Castle | 1 | |
| Gryphon Aviary | 1 | |
| Town Hall | 2 | |
| Workshop | 1 | |
41 total
» build order
00:18 Altar of Kings
00:26 Farm
01:04 Blacksmith
02:27 Scout Tower
02:43 Barracks
03:03 Arcane Tower
04:21 Lumber Mill
04:25 Farm
05:21 Arcane Vault
05:27 Farm
06:07 Farm
06:28 Scout Tower
06:38 Scout Tower
06:42 Keep
07:06 Guard Tower
07:09 Guard Tower
07:59 Farm
09:22 Farm
09:22 Farm
09:24 Farm
11:21 Arcane Sanctum
11:27 Castle
14:50 Gryphon Aviary
16:18 Town Hall
21:01 Town Hall
21:10 Scout Tower
21:37 Arcane Tower
21:38 Scout Tower
22:13 Guard Tower
22:15 Scout Tower
22:46 Guard Tower
23:41 Workshop
23:54 Scout Tower
24:01 Scout Tower
24:38 Guard Tower
25:53 Guard Tower
26:00 Scout Tower
27:22 Guard Tower
28:23 Scout Tower
33:48 Guard Tower
33:58 Altar of Kings
» items
| Scroll of Regeneration | 3 | |
| Lesser Clarity Potion | 1 | |
| Staff of Teleportation | 1 | |
| Potion of Invisibility | 1 | |
| Boots of Speed | 2 | |
| Scroll of Town Portal | 3 | |
| Potion of Healing | 1 | |
12 total
crazychaos6384 (
pink | 29 APM | 1174 actions | 40:58)
6 Blademaster
2 Critical Strike
3 Wind Walk
1 Bladestorm
2 Shadow Hunter
1 Hex
1 Healing Wave
» actions
| Build / train | 58 | |
| Enter build submenu | 19 | |
| Enter hero's abilities submenu | 8 | |
| Give item / drop item | 1 | |
| Remove unit from queue | 3 | |
| Right click | 620 | |
| Select / deselect | 380 | |
| Use ability | 85 | |
1174 total
» units
| Peon | 11 | |
| Wind Rider | 6 | |
| Shaman | 3 | |
| Troll Batrider | 5 | |
| Flying Machine | 3 | |
28 total
» upgrades
| Ranged Weapons | 2 | |
| Armor | 2 | |
| Shaman Training | 2 | |
| Envenomed Spears | 1 | |
| Melee Weapons | 1 | |
8 total
» buildings
| Altar of Storms | 2 | |
| Orc Burrow | 8 | |
| Voodoo Lounge | 1 | |
| War Mill | 1 | |
| Stronghold | 1 | |
| Beastiary | 3 | |
| Fortress | 1 | |
| Spirit Lodge | 1 | |
| Tauren Totem | 1 | |
| Great Hall | 2 | |
21 total
» build order
00:09 Altar of Storms
00:11 Orc Burrow
00:46 Voodoo Lounge
01:49 War Mill
02:32 Stronghold
02:37 Orc Burrow
02:51 Orc Burrow
03:07 Orc Burrow
05:01 Beastiary
05:06 Beastiary
07:04 Fortress
09:10 Fortress
09:13 Spirit Lodge
11:23 Orc Burrow
13:20 Tauren Totem
13:28 Great Hall
16:37 Orc Burrow
20:21 Altar of Storms
20:32 Beastiary
21:26 Orc Burrow
21:27 Orc Burrow
26:33 Great Hall
» items
| Healing Salve | 4 | |
| Lesser Clarity Potion | 1 | |
| Orb of Lightning | 1 | |
6 total
garmin (
orange | 16 APM | 683 actions | 42:07)
5 Archmage
3 Blizzard
2 Brilliance Aura
» actions
| Assign group hotkey | 13 | |
| Basic commands | 180 | |
| Build / train | 68 | |
| Enter build submenu | 29 | |
| Enter hero's abilities submenu | 5 | |
| Remove unit from queue | 2 | |
| Right click | 22 | |
| Select / deselect | 172 | |
| Select group hotkey | 143 | |
| Use ability | 49 | |
683 total
» units
| Peasant | 11 | |
| Rifleman | 10 | |
| Priest | 11 | |
| Mortar Team | 10 | |
| Siege Engine | 2 | |
| Knight | 2 | |
46 total
» upgrades
| Armor | 1 | |
| Lumber Harvesting | 1 | |
| Gunpowder | 1 | |
| Priest Training | 1 | |
| Magic Sentry | 1 | |
| Barrage | 1 | |
6 total
» buildings
| Altar of Kings | 1 | |
| Farm | 12 | |
| Scout Tower | 6 | |
| Blacksmith | 1 | |
| Arcane Tower | 5 | |
| Barracks | 1 | |
| Keep | 1 | |
| Lumber Mill | 1 | |
| Arcane Sanctum | 1 | |
| Workshop | 2 | |
| Castle | 1 | |
| Arcane Vault | 1 | |
| Town Hall | 1 | |
34 total
» build order
00:27 Altar of Kings
00:49 Farm
01:11 Scout Tower
01:16 Blacksmith
01:39 Arcane Tower
01:55 Barracks
02:03 Farm
03:09 Scout Tower
03:41 Arcane Tower
03:46 Farm
04:08 Keep
04:39 Farm
05:20 Lumber Mill
05:27 Farm
06:10 Farm
06:31 Arcane Sanctum
06:55 Workshop
08:08 Farm
09:36 Farm
11:28 Castle
11:36 Farm
13:48 Farm
14:26 Arcane Vault
14:55 Workshop
15:41 Farm
16:37 Farm
21:05 Scout Tower
23:05 Scout Tower
23:58 Arcane Tower
24:02 Scout Tower
24:32 Arcane Tower
33:06 Town Hall
34:11 Scout Tower
36:51 Arcane Tower
» items
team 2 (loser)

»
Black_Elf. (
yellow | 57 APM | 2386 actions | 42:07)
6 Dreadlord
3 Sleep
2 Vampiric Aura
1 Inferno
5 Death Knight
3 Death Coil
2 Unholy Aura
1 Lich
1 Frost Nova
1 Naga Sea Witch
1 Forked Lightning
1 Blademaster
1 Critical Strike
1 Dark Ranger
1 Black Arrow
» actions
| Assign group hotkey | 37 | |
| Build / train | 101 | |
| Enter build submenu | 25 | |
| Enter hero's abilities submenu | 16 | |
| Remove unit from queue | 6 | |
| Right click | 800 | |
| Select / deselect | 412 | |
| Select group hotkey | 896 | |
| Use ability | 93 | |
2386 total
» units
| Acolyte | 23 | |
| Ghoul | 16 | |
| Frost Wyrm | 7 | |
46 total
» upgrades
| Creature Attack | 3 | |
| Freezing Breath | 1 | |
| Creature Carapace | 3 | |
7 total
» buildings
| Crypt | 1 | |
| Ziggurat | 10 | |
| Altar of Darkness | 1 | |
| Tomb of Relics | 2 | |
| Nerubian Tower | 1 | |
| Graveyard | 1 | |
| Spirit Tower | 8 | |
| Halls of the Dead | 1 | |
| Necropolis | 1 | |
| Black Citadel | 1 | |
| Sacrificial Pit | 1 | |
| Boneyard | 3 | |
31 total
» build order
00:38 Crypt
00:40 Ziggurat
00:46 Altar of Darkness
01:03 Ziggurat
01:04 Tomb of Relics
01:14 Tomb of Relics
01:36 Nerubian Tower
01:56 Graveyard
02:31 Ziggurat
03:25 Spirit Tower
04:17 Halls of the Dead
04:55 Necropolis
06:40 Black Citadel
07:11 Ziggurat
07:13 Ziggurat
07:33 Ziggurat
07:36 Ziggurat
07:38 Ziggurat
07:46 Ziggurat
08:06 Sacrificial Pit
08:11 Spirit Tower
08:29 Spirit Tower
08:29 Spirit Tower
08:32 Spirit Tower
08:33 Spirit Tower
08:40 Spirit Tower
09:24 Boneyard
09:40 Boneyard
10:15 Boneyard
10:17 Ziggurat
» items
| Rod of Necromancy | 2 | |
| Orb of Corruption | 1 | |
| Orb of Lightning | 1 | |
| Scroll of Town Portal | 1 | |
| Potion of Lesser Invulnerability | 1 | |
| Boots of Speed | 1 | |
7 total

»
DoTheDinosaur (
red | 43 APM | 1476 actions | 34:08)
5 Blademaster
3 Wind Walk
2 Critical Strike
3 Shadow Hunter
2 Healing Wave
1 Hex
» actions
| Assign group hotkey | 16 | |
| Basic commands | 35 | |
| Build / train | 50 | |
| Enter build submenu | 34 | |
| Enter hero's abilities submenu | 8 | |
| Right click | 774 | |
| Select / deselect | 384 | |
| Select group hotkey | 83 | |
| Use ability | 92 | |
1476 total
» units
| Peon | 19 | |
| Grunt | 11 | |
| Crypt Fiend | 2 | |
32 total
» upgrades
» buildings
| Altar of Storms | 2 | |
| Orc Burrow | 13 | |
| Barracks | 2 | |
| Voodoo Lounge | 1 | |
| War Mill | 2 | |
| Watch Tower | 8 | |
| Stronghold | 1 | |
| Great Hall | 3 | |
| Fortress | 1 | |
| Tauren Totem | 1 | |
34 total
» build order
00:05 Altar of Storms
00:09 Orc Burrow
01:02 Barracks
01:31 Orc Burrow
01:48 Voodoo Lounge
02:23 War Mill
03:41 Orc Burrow
03:44 Watch Tower
04:44 Stronghold
04:58 Great Hall
07:20 Fortress
07:38 Great Hall
07:48 Watch Tower
08:01 Watch Tower
09:04 Watch Tower
09:15 Orc Burrow
09:58 Tauren Totem
11:30 Orc Burrow
13:11 Orc Burrow
15:38 Orc Burrow
16:24 Orc Burrow
18:48 Barracks
18:51 Orc Burrow
20:08 Orc Burrow
21:03 Orc Burrow
21:57 Altar of Storms
22:03 War Mill
23:25 Orc Burrow
24:39 Orc Burrow
25:18 Great Hall
27:38 Watch Tower
27:41 Watch Tower
28:32 Watch Tower
28:34 Watch Tower
» items
| Healing Salve | 2 | |
| Lesser Clarity Potion | 1 | |
| Boots of Speed | 1 | |
4 total
No.Keel.Me.PLZ (
blue | 183 APM | 3481 actions | 19:03)
4 Lich
2 Frost Nova
2 Dark Ritual
3 Dark Ranger
2 Black Arrow
1 Life Drain
2 Naga Sea Witch
1 Frost Arrows
1 Forked Lightning
» actions
| Assign group hotkey | 20 | |
| Basic commands | 16 | |
| Build / train | 56 | |
| ESC pressed | 4 | |
| Enter build submenu | 14 | |
| Enter hero's abilities submenu | 9 | |
| Give item / drop item | 2 | |
| Right click | 1274 | |
| Select / deselect | 354 | |
| Select group hotkey | 1630 | |
| Use ability | 102 | |
3481 total
» units
| Acolyte | 4 | |
| Ghoul | 10 | |
| Gargoyle | 1 | |
| Crypt Fiend | 6 | |
| Obsidian Statue | 2 | |
23 total
» upgrades
| Cannibalize | 1 | |
| Creature Carapace | 1 | |
| Web | 1 | |
| Creature Attack | 2 | |
| Destroyer Form | 1 | |
6 total
» buildings
| Crypt | 2 | |
| Altar of Darkness | 1 | |
| Ziggurat | 5 | |
| Tomb of Relics | 1 | |
| Nerubian Tower | 1 | |
| Graveyard | 1 | |
| Halls of the Dead | 1 | |
| Black Citadel | 1 | |
| Slaughterhouse | 1 | |
14 total
» build order
00:04 Crypt
00:06 Altar of Darkness
00:07 Ziggurat
00:32 Crypt
00:51 Tomb of Relics
02:21 Nerubian Tower
02:31 Ziggurat
02:45 Graveyard
03:48 Halls of the Dead
04:50 Ziggurat
06:39 Black Citadel
06:49 Slaughterhouse
06:50 Ziggurat
14:41 Ziggurat
» items
| Rod of Necromancy | 1 | |
| Healing Salve | 1 | |
| Lesser Clarity Potion | 2 | |
| Boots of Speed | 2 | |
| Scroll of Town Portal | 2 | |
| Orb of Corruption | 1 | |
| Dust of Appearance | 1 | |
10 total
boberrt (
purple | 39 APM | 1235 actions | 31:36)
6 Blademaster
3 Wind Walk
2 Critical Strike
1 Bladestorm
1 Dark Ranger
1 Silence
» actions
| Basic commands | 71 | |
| Build / train | 79 | |
| Enter build submenu | 19 | |
| Enter hero's abilities submenu | 7 | |
| Give item / drop item | 4 | |
| Right click | 626 | |
| Select / deselect | 339 | |
| Use ability | 90 | |
1235 total
» units
| Peon | 33 | |
| Grunt | 4 | |
| Troll Batrider | 6 | |
| Wind Rider | 13 | |
56 total
» upgrades
| Armor | 1 | |
| Melee Weapons | 1 | |
| Ranged Weapons | 1 | |
| Envenomed Spears | 1 | |
| Spiked Barricades | 1 | |
5 total
» buildings
| Altar of Storms | 1 | |
| Orc Burrow | 6 | |
| Barracks | 1 | |
| Voodoo Lounge | 1 | |
| War Mill | 1 | |
| Great Hall | 1 | |
| Stronghold | 1 | |
| Watch Tower | 4 | |
| Fortress | 1 | |
| Beastiary | 2 | |
19 total
» build order
00:04 Altar of Storms
00:24 Orc Burrow
00:50 Barracks
01:23 Orc Burrow
01:52 Voodoo Lounge
02:09 War Mill
04:36 Great Hall
04:54 Stronghold
05:56 Watch Tower
07:19 Fortress
07:24 Watch Tower
08:28 Watch Tower
09:19 Beastiary
09:22 Beastiary
09:59 Orc Burrow
10:02 Orc Burrow
13:49 Orc Burrow
13:50 Orc Burrow
16:14 Watch Tower
» items
| Lesser Clarity Potion | 3 | |
| Healing Salve | 1 | |
| Orb of Lightning | 1 | |
| Potion of Healing | 1 | |
| Potion of Mana | 1 | |
| Boots of Speed | 1 | |
8 total
Chat log
(00:11 / All) No.Keel.Me.PLZ: IS KEKZ
(00:16 / Allies) garmin: am/rifles/preists/morts
(00:21 / Allies) garmin: blue is a bs
(00:22 / All) No.Keel.Me.PLZ: KEKZ
(00:25 / Allies) crazychaos6384: wyvs and shamans
(00:37 / All) No.Keel.Me.PLZ: KEKZ
(01:07 / All) garmin: blue, u have been squelched for being a moron
(01:11 / All) No.Keel.Me.PLZ: KEKZZZZZ
(01:28 / All) crazychaos6384: let him be a moron
(01:29 / All) u-h8whenipickBM: no other english word to descibe it
(01:35 / All) No.Keel.Me.PLZ: KEKZ
(01:38 / Allies) sc2no.wc4yes: squelching everyone that responds to him
(02:00 / All) crazychaos6384: boats n hoez
(02:08 / All) u-h8whenipickBM: hes a squirlley one
(02:41 / All) No.Keel.Me.PLZ: KEKZ
(04:17 / All) No.Keel.Me.PLZ: KEKZ
(04:22 / All) No.Keel.Me.PLZ: U IS GOOD
(04:24 / All) No.Keel.Me.PLZ: KEKZ
(04:26 / All) crazychaos6384: kekz
(06:36 / Allies) sc2no.wc4yes: lol
(06:45 / All) crazychaos6384: yup oops
(07:23 / All) crazychaos6384: blue KEKZ?
(07:29 / All) No.Keel.Me.PLZ: KEKZ
(07:40 / All) u-h8whenipickBM: dont get him started
(07:51 / All) No.Keel.Me.PLZ: KEKZ
(08:01 / All) crazychaos6384: we need to hit
(08:12 / Allies) garmin: i am ready
(08:20 / Allies) garmin: morts and priests pumping
(08:43 / Allies) u-h8whenipickBM: get him
(08:45 / All) crazychaos6384: teal unit
(08:51 / All) crazychaos6384: teal
(09:14 / Allies) garmin: ignore him
(09:16 / Allies) garmin: attack a base
(09:17 / All) No.Keel.Me.PLZ: KEKZ
(09:34 / All) No.Keel.Me.PLZ: MASS WYVS USUALLY LOSE. BUT I LET U WIN DIS. KEKZ. MY 3 NEWB ALLIEZ KEKZ
(09:41 / Allies) garmin: attack rd
(09:42 / Allies) garmin: red
(10:43 / All) sc2no.wc4yes: game over dude?
(10:48 / All) No.Keel.Me.PLZ: KEKZ
(11:12 / All) crazychaos6384: it;s all bout how u use wyvs KEKZ
(11:18 / All) No.Keel.Me.PLZ: KEKZ
(11:36 / All) No.Keel.Me.PLZ: KEKZ NO UNITS KEKZ
(11:59 / All) No.Keel.Me.PLZ: KEKZ
(12:16 / Allies) garmin: ignore red
(12:18 / Allies) garmin: kill purple
(12:46 / All) sc2no.wc4yes: purple i think you follow my hero exactly as far as teh creeps do
(12:49 / All) sc2no.wc4yes: when i retreat it
(12:53 / All) sc2no.wc4yes: are you a bot?
(13:32 / All) crazychaos6384: WE won kekz
(13:35 / All) No.Keel.Me.PLZ: KEKZ
(14:02 / All) No.Keel.Me.PLZ: KEKZZZ
(15:14 / Allies) sc2no.wc4yes: yo where r u guys
(15:17 / Allies) sc2no.wc4yes: and why did you not expo
(15:22 / All) crazychaos6384: heros down
(15:30 / Allies) sc2no.wc4yes: the map name is gold rush not wood tech
(16:24 / Allies) sc2no.wc4yes: here i thought we were winning and it turns out you guys are staying tier 1 all game
(16:43 / Allies) sc2no.wc4yes: hes that way
(16:44 / Allies) sc2no.wc4yes: if yorue lost
(16:45 / Allies) sc2no.wc4yes: ...
(16:53 / Allies) crazychaos6384: orange waut
(16:58 / All) No.Keel.Me.PLZ: KEKZ
(17:16 / Allies) sc2no.wc4yes: whatever
(17:18 / Allies) sc2no.wc4yes: playing hero only hten
(17:30 / All) No.Keel.Me.PLZ: kekz
(18:35 / All) No.Keel.Me.PLZ: kekz
(18:36 / All) u-h8whenipickBM: KEKS
(19:00 / All) No.Keel.Me.PLZ: kek
(19:30 / Allies) garmin: gold for expo please
(19:46 / Allies) sc2no.wc4yes: so its occured to you to expo has it
(19:48 / Allies) garmin: ok then, i am afk
(19:51 / Allies) garmin: good luck
(20:00 / Allies) sc2no.wc4yes: which one of your allies do you think can afford spare gold
(20:04 / Allies) sc2no.wc4yes: the other 2 retards that never expod
(20:08 / Allies) sc2no.wc4yes: or me that got raped
(21:07 / All) sc2no.wc4yes: whole team didnt expo all game, and now they have 200 gold and no mine
(21:10 / All) sc2no.wc4yes: orange went rage afk
(21:12 / All) sc2no.wc4yes: to sulk about it
(21:16 / All) garmin: green, please leave
(21:19 / All) sc2no.wc4yes: naturally he blames his team
(21:29 / All) garmin: i dont blame anyone
(21:34 / All) garmin: i dont want to win with u
(21:43 / Allies) crazychaos6384: stop
(21:47 / Allies) crazychaos6384: really help us
(21:50 / Allies) garmin: its over
(22:01 / Allies) garmin: after the mouth leaves
(22:20 / All) crazychaos6384: orange help we losing
(22:26 / Allies) garmin: no, we lost
(22:30 / Allies) u-h8whenipickBM: not dude
(22:31 / Allies) sc2no.wc4yes: nothing liek being confgronted with your own shortcomings to sour up your day
(22:32 / Allies) u-h8whenipickBM: tp
(22:37 / Allies) u-h8whenipickBM: fight as a team for once
(22:48 / Allies) garmin: ha green, good one; keep em coming
(22:59 / Allies) garmin: i will come back to look at them during the replay
(23:00 / Allies) sc2no.wc4yes: go bm
(23:02 / Allies) sc2no.wc4yes: wait for my gyros
(23:03 / Allies) sc2no.wc4yes: then go
(24:57 / Allies) u-h8whenipickBM: let me net his frost
(25:08 / Allies) sc2no.wc4yes: he has no frost you retard
(25:12 / Allies) sc2no.wc4yes: i killed them all while you masturbated
(25:14 / Allies) u-h8whenipickBM: stfu
(25:20 / Allies) u-h8whenipickBM: dont call me names bitch
(26:18 / Allies) crazychaos6384: 100 gold plz
(26:51 / Allies) crazychaos6384: gj grren
(28:37 / All) Black_Elf.: oh
(28:40 / All) Black_Elf.: follow dude
(29:47 / Allies) crazychaos6384: orange can you plz leave
(29:53 / Allies) garmin: no
(29:56 / All) crazychaos6384: ORANGE plz leave game
(30:01 / All) garmin: no
(31:02 / All) sc2no.wc4yes: i dont know which team was lazier about rebuilding
(31:07 / All) sc2no.wc4yes: but all 7 of you did your best to throw this one away
(31:14 / All) crazychaos6384: orange doing nothing
(31:44 / All) sc2no.wc4yes: pink let his last workes die on purpsoe so he could play hero rpg
(31:58 / All) sc2no.wc4yes: orange turned into a cryabby when i made fun of him for not expoing
(32:04 / All) sc2no.wc4yes: hes still crying
(32:58 / All) sc2no.wc4yes: you guys know you lose when your last building dies right
(33:16 / All) u-h8whenipickBM: 3 vs 1
(34:11 / All) sc2no.wc4yes: lol
(34:12 / All) sc2no.wc4yes: no stay
(34:13 / All) crazychaos6384: orange sorry for making fun
(34:14 / All) sc2no.wc4yes: youre winning
(34:16 / All) crazychaos6384: plz play
(34:33 / All) sc2no.wc4yes: im gonna see if my retarded team
(34:33 / All) Black_Elf.: fight
(34:36 / All) sc2no.wc4yes: can kill that one building
(34:38 / Allies) u-h8whenipickBM: lumber
(34:40 / Allies) u-h8whenipickBM: plz
(34:44 / All) sc2no.wc4yes: my retarded, butthurt, dota player team
(34:52 / All) sc2no.wc4yes: if you stand close to it
(34:57 / All) sc2no.wc4yes: you will be able tos top the bm thats coming
(34:58 / Allies) u-h8whenipickBM: u run your damn mouth too much green
(35:09 / All) sc2no.wc4yes: he might actually be too dumb to go though
(35:20 / Allies) u-h8whenipickBM: lumber
(35:23 / Allies) u-h8whenipickBM: give me lumber
(35:26 / All) crazychaos6384: nooo
(35:35 / Allies) u-h8whenipickBM: lol
(35:40 / All) sc2no.wc4yes: you guys have one building with 300 hp left and my retard allies are sitting in their bases
(35:43 / All) sc2no.wc4yes: sajking for wood
(36:06 / All) sc2no.wc4yes: bladestorm teh twoers
(36:16 / All) sc2no.wc4yes: LOL
(36:17 / All) Black_Elf.: good call
(36:18 / All) crazychaos6384: we still got orange lol
(36:19 / All) Black_Elf.: lol
(36:23 / All) crazychaos6384: doing nothing
(36:34 / All) sc2no.wc4yes: garmin is actually at 66 food
(36:38 / All) sc2no.wc4yes: he might be a tough nut to crack
(36:40 / All) garmin: i am patiently waiting
(36:50 / All) sc2no.wc4yes: he got an expo up finally
(36:55 / All) crazychaos6384: go oraneg lol
(36:56 / All) sc2no.wc4yes: retard must have figured out how to sell an item
(37:21 / All) sc2no.wc4yes: ive had everyone in htere squelched all game becuase they kept talking to that WoW faggot
(38:16 / All) sc2no.wc4yes: go into garmins main base
(38:19 / All) sc2no.wc4yes: down and to ur left
(38:21 / All) Black_Elf.: i am
(38:22 / All) sc2no.wc4yes: u have to sooner or late ranyway
(38:35 / All) sc2no.wc4yes: lol hes running away to the south
(38:42 / All) sc2no.wc4yes: butthurt baby doesnt want his rpg hero to die
(38:51 / All) sc2no.wc4yes: LOl hes kililng my expo
(38:56 / All) crazychaos6384: orange wants to die
(39:01 / All) sc2no.wc4yes: i was at 27/12 food it was completely inert
(39:13 / All) sc2no.wc4yes: the choice is yours, garmin
(39:20 / All) sc2no.wc4yes: you can kill the enemy building and claim victory in one volley
(39:21 / All) crazychaos6384: what's the point of this orange
(39:25 / All) sc2no.wc4yes: but youll be betryaing your own values
(39:27 / All) crazychaos6384: NO REALLY YOUR KILLING US
(39:28 / All) sc2no.wc4yes: and winning with the big mouth
(40:06 / All) crazychaos6384: ORANGEING IS NOW KILL US
(40:19 / All) Black_Elf.: lol
(40:23 / All) crazychaos6384: CAN'T WE REPORT HIM,?
(40:27 / All) sc2no.wc4yes: hes tryign to kill our last buildings now
(40:30 / All) garmin: yes, report me
(40:30 / All) Black_Elf.: u sould
(40:59 / All) sc2no.wc4yes: if you kill garmins army
(41:01 / All) sc2no.wc4yes: i wont finish you off
(41:09 / All) sc2no.wc4yes: i want his butthrut to be maximum
(41:23 / All) Black_Elf.: where is he
(41:25 / All) sc2no.wc4yes: top mid
(41:29 / All) Black_Elf.: k
(41:34 / All) sc2no.wc4yes: now hes in pinks base
(41:57 / All) sc2no.wc4yes: actually i g2g
(41:58 / All) sc2no.wc4yes: gg
(42:05 / All) garmin: lose asshole